AoeStats
← oMg

Arabia

509242799Analyzed
3v3 RM · 21d ago on Sep 26, 2026· 34m 24s· 6 players
Game mode
Random Map
Map size
Normal (6 player)
Population
200
Speed
Normal
Resources
Standard
Victory
Conquest
Starting age
Dark Age
Ending age
Imperial Age
RankedLock teamsTeams togetherTeam positionsShared explorationLock speedFull tech treeHidden civsTurbo modeCheats
Victory
Defeat
🇦🇷 Persians · Argentina
1223
+11
🇦🇷 Ethiopians · Argentina
1129
+15
🇦🇷 Vietnamese · Argentina
1089
+17
vs
🇦🇷 Saxons · Argentina
1228
-20
🇦🇷 Persians · Argentina
1061
-12
🇦🇷 Chinese · Argentina
1031
-11
soy el Nico
6:53 Loom
9:04 Feudal Age
9:41 Horse Collar
16:08 Castle Age
16:38 Double-Bit Axe
18:02 Husbandry
25:13 Scale Barding Armor
26:37 Forging
26:54 Fletching
29:15 Bloodlines
Paspian
6:21 Loom
8:52 Feudal Age
10:54 Double-Bit Axe
16:11 Fletching
18:27 Horse Collar
23:50 Castle Age
24:21 Crossbowman
25:07 Thumb Ring
25:18 Bodkin Arrow
26:20 Padded Archer Armor
27:12 Wheelbarrow
26:23 Town Watch
27:54 Leather Archer Armor
27:58 Bow Saw
28:16 Gold Mining
29:36 Ballistics
30:24 Gold Shaft Mining
30:33 Hand Cart
Mr. Cheff ARG
0:31 Loom
11:16 Feudal Age
18:46 Double-Bit Axe
22:34 Castle Age
23:47 Elite Skirmisher
25:22 Padded Archer Armor
oMg
7:38 Loom
10:20 Feudal Age
12:52 Double-Bit Axe
15:24 Fletching
16:39 Padded Archer Armor
24:06 Castle Age
24:44 Bodkin Arrow
24:11 Crossbowman
25:31 Leather Archer Armor
28:07 Thumb Ring
[Tps] RamsasII
6:37 Loom
9:16 Feudal Age
10:25 Double-Bit Axe
10:21 Horse Collar
17:01 Scale Barding Armor
17:08 Forging
17:57 Bloodlines
18:40 Wheelbarrow
22:56 Castle Age
22:03 Gold Mining
23:48 Chain Barding Armor
23:41 Bow Saw
29:54 Iron Casting
31:04 Husbandry
[Tps] Atila
6:37 Loom
10:07 Feudal Age
10:58 Double-Bit Axe
14:05 Fletching
15:59 Gold Mining
16:52 Wheelbarrow
17:13 Horse Collar
23:17 Castle Age
21:29 Padded Archer Armor
24:22 Hand Cart
24:04 Bodkin Arrow
24:25 Leather Archer Armor
23:46 Crossbowman
29:14 Thumb Ring
36:22 Imperial Age
Connection lost

Rejoining the realm…

Still unreachable

The connection could not be restored.

Session expired

The server has moved on; the page needs a fresh start.